[Event "XII Cracow ICC-A 2024"]
[Site "Krakow"]
[Date "2024.06.27"]
[Round "7.14"]
[White "Turski, Bartlomiej"]
[Black "Lohia, Sohum"]
[Result "1/2-1/2"]
[ECO "C78"]
[WhiteElo "2334"]
[BlackElo "2270"]
[Annotator "RC"]
[PlyCount "69"]
[EventDate "2024.06.20"]
[EventType "swiss"]
[EventCountry "POL"]
[SourceTitle "playchess.com"]
[Source "ChessBase"]
[SourceQuality "1"]
[TimeControl "40/5400+30:1800+30"]

1. e4 e5 2. Nf3 Nc6 3. Bb5 a6 4. Ba4 Nf6 5. O-O b5 6. Bb3 Bc5 7. c3 d6 8. d4 Bb6 9. a4 Rb8 10. a5 Ba7 11. h3 Bb7 12. Be3 Nxe4 13. Re1 Ne7 14. dxe5 Bxe3 15. Rxe3 Nf5 16. Re1 O-O 17. Bc2 Ng5 18. Nbd2 Nxf3+ 19. Nxf3 Nh4 20. Nxh4 Qxh4 21. exd6 Rbd8 22. Qg4 Qxg4 23. hxg4 Rxd6 24. Rad1 Rxd1 25. Rxd1 Bc8 26. f3 Be6 27. Be4 h6 28. Bb7 Bc8 29. Bc6 Be6 30. Kf2 Rb8 31. b4 Kf8 32. Ke3 Ke7 33. Rd4 Rf8 34. g3 Rb8 35. Rd2 1/2-1/2

[Event "XII Cracow ICC-A 2024"]
[Site "Krakow"]
[Date "2024.06.27"]
[Round "7.15"]
[White "Janeczko, Jakub"]
[Black "Nguyen, Piotr"]
[Result "1-0"]
[ECO "B12"]
[WhiteElo "2293"]
[BlackElo "2426"]
[Annotator "RC"]
[PlyCount "50"]
[EventDate "2024.06.20"]
[EventType "swiss"]
[EventCountry "POL"]
[SourceTitle "playchess.com"]
[Source "ChessBase"]
[SourceQuality "1"]
[TimeControl "40/5400+30:1800+30"]

1. e4 c6 2. d4 d5 3. f3 Qb6 4. Nc3 dxe4 5. fxe4 e5 6. Nf3 exd4 7. Nxd4 h5 8. e5 Bg4 9. Be2 Na6 10. Bxg4 hxg4 11. Qxg4 Nb4 12. Be3 c5 13. Ndb5 Nxc2+ 14. Kf2 Nxe3 15. Kxe3 Nh6 16. Qh3 Rd8 17. Rad1 Be7 18. Rxd8+ Bxd8 19. Nd6+ Kf8 20. Qd7 g6 21. Rf1 Qc7 22. Qe8+ Kg7 23. Nd5 Qc6 24. Rf3 f5 25. Rxf5 Nf7 1-0

[Event "XII Cracow ICC-A 2024"]
[Site "Krakow"]
[Date "2024.06.27"]
[Round "7.16"]
[White "Chatalbashev, Boris"]
[Black "Arnav Maheshwari"]
[Result "1-0"]
[ECO "D94"]
[WhiteElo "2483"]
[BlackElo "2290"]
[Annotator "TA"]
[PlyCount "111"]
[EventDate "2024.06.20"]
[EventType "swiss"]
[EventCountry "POL"]
[SourceTitle "playchess.com"]
[Source "ChessBase"]
[SourceQuality "1"]
[TimeControl "40/5400+30:1800+30"]

1. c4 c6 2. Nf3 d5 3. e3 Nf6 4. Nc3 g6 5. d4 Bg7 6. Bd3 O-O 7. O-O Bg4 8. h3 Bxf3 9. Qxf3 dxc4 10. Bxc4 Nbd7 11. Rd1 Qc7 12. e4 e5 13. d5 Nb6 14. Bb3 {[%emt 0:01:56] White is slightly better.} cxd5 15. exd5 Ne8 16. Nb5 {[%emt 0:14:43] Wards off Nd6} Qd7 17. a4 Nd6 18. Nxd6 Qxd6 19. a5 Nd7 20. a6 {[%emt 0:00:07] Black is weak on the light squares} b6 21. Ba4 $36 {[%emt 0:04:03][%mdl 2048] Black is under pressure.} f5 (21... Nc5 $11) 22. Bxd7 $1 $16 Qxd7 23. d6 f4 24. Bd2 {[%emt 0:04:47] aiming for Rac1.} Qxd6 $2 (24... Rad8 $16 25. Bb4 Qe6) 25. Qb3+ $1 $18 Rf7 {[%emt 0:00:24] [#]} 26. Bxf4 $2 Qf8 27. Be3 Bh6 28. Rd7 {[%emt 0:04:40] Hoping for Bxh6.} Bxe3 29. fxe3 {[%emt 0:00:08] Intending Rf1 and mate.} Kg7 30. Rad1 {[%emt 0:01:47] And now Rb7 would win.} Re8 31. Qc4 (31. Qb5 $1 $16) 31... Ree7 $14 32. R7d5 h6 (32... Qg8 $14) 33. Qc3 Qb8 34. Rd6 {[%emt 0:03:09] Strongly threatening Qc6.} Kh7 35. Qc6 Qg8 36. Rd8 $1 Qg7 37. Qe4 Qf6 38. Rb8 Rf8 39. Rb7 (39. Rxf8 {simplifies} Qxf8 40. b4 Qe8 41. Rd6) 39... Rff7 40. b4 {[%emt 0:01:14][%cal Bb2b4,Bb4b5][%mdl 32] Active counter play!} Qf2+ (40... h5 $16 {was worth a try.}) 41. Kh2 $18 Qf6 42. b5 h5 {[%emt 0:01:09] [#]} 43. Rc1 $1 Qg5 {[%emt 0:09:25] [#]} 44. h4 $1 Qf6 45. Rc6 Qg7 (45... Qf5 46. Qxf5 gxf5) 46. g4 Qh6 {[%emt 0:06:08] [#]} 47. Rf6 $3 Qg7 (47... Rxb7 48. axb7) 48. Rxf7 Qxf7 49. Rxe7 Qxe7 50. gxh5 {[%emt 0:00:00] KQ-KQ} Qf8 51. Kg2 Kh8 52. Qxe5+ Kh7 53. Qe4 Qa3 54. Qxg6+ {[%emt 0:00:00] White mates.} Kh8 55. Qf6+ Kh7 56. h6 {[%emt 0:00:00] Weighted Error Value: White=0.12 (very precise) /Black=0.43.  Loses game:     	---       	Black=1      Missed win:     	White=1     	---        Mistake:       	White=1     	Black=4      Inaccurate:     	White=1     	Black=2      OK:         	White=12    	Black=15     Best:        	White=5     	Black=4      Strong:       	White=3     	---} 1-0

[Event "XII Cracow ICC-A 2024"]
[Site "Krakow"]
[Date "2024.06.27"]
[Round "7.17"]
[White "Aakash Sharadchandra, Dalvi"]
[Black "Zwardon, Vojtech"]
[Result "1/2-1/2"]
[ECO "D38"]
[WhiteElo "2291"]
[BlackElo "2458"]
[Annotator "TA"]
[PlyCount "89"]
[EventDate "2024.06.20"]
[EventType "swiss"]
[EventCountry "POL"]
[SourceTitle "playchess.com"]
[Source "ChessBase"]
[SourceQuality "1"]
[TimeControl "40/5400+30:1800+30"]

1. d4 Nf6 2. c4 e6 3. Nf3 d5 4. Nc3 Bb4 5. Bg5 h6 6. Bxf6 Qxf6 7. Qa4+ Nc6 8. e3 O-O 9. Rc1 Rd8 10. Be2 a6 11. a3 Bf8 12. O-O g5 13. b4 Bd7 14. Qb3 (14. cxd5 $6 Nxd4 15. Qd1 Nxf3+ 16. Bxf3 c6 17. dxc6 Bxc6 $11) 14... dxc4 15. Bxc4 g4 16. Nd2 {[%emt 0:00:48] Nce4 is the strong threat.} Qg7 17. Rfd1 a5 18. b5 a4 19. Nxa4 Na5 20. Qb2 Nxc4 21. Rxc4 Ra5 22. Nc5 ({White should try} 22. Nc3 $1 $14 Bxa3 23. Qb3) 22... Rxb5 $11 23. Rb4 Rxb4 24. axb4 Bc6 25. Nd3 Bb5 $36 {[%emt 0:01:07][%mdl 2048] Black has good play.} 26. Ne5 f6 27. Nec4 {[%emt 0:00:27] [#]} e5 $1 28. Rc1 (28. Na3 Be8) 28... exd4 29. exd4 Qd7 30. d5 $2 Qxd5 $19 31. Qxf6 (31. Qc2 {keeps fighting.}) 31... Bc6 $2 (31... Bxb4 32. Qg6+ Kh8 33. Qxh6+ Kg8 34. Qg6+ Kf8 35. Qf6+ Ke8 36. Re1+ (36. Rb1 Bxc4 37. Qg6+ Qf7 $17) 36... Kd7 37. Re5 Bxc4 38. Rxd5+ Bxd5 39. Qd4 Bxd2 40. Qxd5+ (40. Qxd2 c6 $18) 40... Kc8 41. Qe6+ Kb8 42. Qxg4 $18) (31... Bg7 $1 $19 32. Qf4 Qc6 33. Qxg4 Rxd2 34. Qc8+ Bf8 35. Qg4+ Kh8) 32. Qg6+ $11 Kh8 33. Qxg4 h5 (33... Be7 {simplifies} 34. Qg3 Qg5 35. f4 Qxg3 36. hxg3 Bxb4 37. Nf3 Bd5) 34. Qh3 Bh6 {[%emt 0:00:43][%cal Od8g8][%mdl 1024] aiming for ...Rg8! Black has compensation. A strong pair of Bishops.} (34... Qg5 {simplifies} 35. b5 Bxb5 36. Re1 Bxc4 37. Nxc4 b5) 35. Re1 Rg8 36. f3 {[%emt 0:01:36] [#]} b5 ({Inferior is} 36... Bxd2 37. Nxd2 Rg5 (37... Qxd2 38. Qxh5+ Kg7 39. Re7+ Kf6 40. Qf7+ Kg5 41. Re5+ Kh6 42. Rh5#) 38. Ne4 Qd4+ 39. Kh1 Bxe4 40. fxe4 $14) ({Black should play} 36... Qd4+ $1 $17 37. Kh1 Re8 (37... Bxd2 38. Qxh5+ Kg7 39. Re7+ Kf6 40. Rf7+ Ke6 41. Qf5#)) 37. Qe6 $1 Qd4+ 38. Kh1 $2 {[%emt 0:00:40] [#]} (38. Ne3 $11 {and White is okay.} Bf4 39. Kf1) 38... Bxd2 $2 (38... Qg7 $1 $19 39. Rg1 bxc4 (39... Bd7 $2 40. Qe4 $19) 40. Qxc6 Bxd2 41. Qxc4 Be3) 39. Nxd2 {[%emt 0:00:12] The position is equal.} Qxd2 40. Qf6+ $1 Rg7 41. Qf8+ Kh7 (41... Rg8 $5 42. Qf6+ $8 Rg7 43. Qf8+ Kh7 44. Qf5+ Kh8 45. Qf8+ $11) 42. Qf5+ Kg8 (42... Kh8 $5 43. Qf8+ $8 Rg8 (43... Kh7 44. Qf5+ Kg8 45. Qc8+ Kh7 46. Qf5+ $11) 44. Qf6+ Rg7 45. Qf8+ $11) 43. Qc8+ Kh7 44. Qf5+ Kh8 (44... Kg8 $5 45. Qc8+ $8 Kh7 46. Qf5+ $11) 45. Qf8+ {[%emt 0:00:21] Weighted Error Value: White=0.32/Black=0.25 (precise) .  Loses game:     	White=2     	---        Missed win:     	---       	Black=2      Mistake:       	White=3     	Black=1      Inaccurate:     	White=3     	Black=4      OK:         	White=6     	Black=9      Best:        	White=6     	Black=5      Strong:       	White=2     	---} 1/2-1/2

[Event "XII Cracow ICC-A 2024"]
[Site "Krakow"]
[Date "2024.06.27"]
[Round "7.18"]
[White "Fus, Jakub"]
[Black "Panjer, Sidney"]
[Result "1-0"]
[ECO "D37"]
[WhiteElo "2455"]
[BlackElo "2185"]
[Annotator "TA"]
[PlyCount "69"]
[EventDate "2024.06.20"]
[EventType "swiss"]
[EventCountry "POL"]
[SourceTitle "playchess.com"]
[Source "ChessBase"]
[SourceQuality "1"]
[TimeControl "40/5400+30:1800+30"]

1. d4 d5 2. c4 e6 3. Nf3 Nf6 4. Nc3 Be7 5. g3 O-O 6. Bg2 a5 7. O-O c6 8. b3 b6 9. Bb2 Ba6 10. Nd2 b5 11. c5 b4 {[%emt 0:00:04] The position is equal.} 12. Na4 Nbd7 13. Re1 Bb5 14. a3 Bxa4 (14... Qc7 $11 {keeps the balance.}) 15. bxa4 $16 bxa3 16. Rxa3 Qc7 17. Qc2 Rfb8 18. Bc3 Qb7 19. Rb1 Qa6 20. Bf1 e5 21. e3 Qa7 22. Rxb8+ Rxb8 (22... Qxb8 $14 23. Rb3 Qc7) 23. Rb3 exd4 24. exd4 Bd8 25. Qd3 {[%emt 0:02:33] White is more active.} Rxb3 26. Nxb3 {[%emt 0:00:23] And now Qa6 would win.} Ne4 {[%emt 0:00:24] [#]} 27. Be1 $1 Nb8 {[%emt 0:06:45] Prevents Qa6} 28. h4 g6 29. f3 Nf6 30. Qd2 Nh5 31. Nxa5 Nxg3 $2 {[%emt 0:00:41][%mdl 8192] [#] This move loses the game for Black.} 32. Bxg3 $18 {[%emt 0:00:31] White is clearly winning.} Bxa5 33. Bxb8 Qxb8 34. Qxa5 Qg3+ 35. Bg2 {[%emt 0:00:04] Weighted Error Value: White=0.16 (very precise) /Black=0.42.  Loses game:     	---       	Black=1      Mistake:       	---       	Black=2      Inaccurate:     	White=1     	Black=3      OK:         	White=6     	Black=11     Best:        	White=1     	Black=2      Strong:       	White=1     	---} 1-0

[Event "XII Cracow ICC-A 2024"]
[Site "Krakow"]
[Date "2024.06.27"]
[Round "7.19"]
[White "Alexiadis, Hristos"]
[Black "Oksendal, Martin"]
[Result "1-0"]
[ECO "A31"]
[WhiteElo "2378"]
[BlackElo "2264"]
[Annotator "RC"]
[PlyCount "69"]
[EventDate "2024.06.20"]
[EventType "swiss"]
[EventCountry "POL"]
[SourceTitle "playchess.com"]
[Source "ChessBase"]
[SourceQuality "1"]
[TimeControl "40/5400+30:1800+30"]

1. Nf3 Nf6 2. c4 c5 3. d4 cxd4 4. Nxd4 g6 5. Nc3 d5 6. Nc2 Be6 7. Nd4 Bc8 8. Nf3 Qa5 9. e3 Bg7 10. Bd2 dxc4 11. Bxc4 O-O 12. O-O Qc7 13. Qe2 Nc6 14. h3 a6 15. Rac1 Bd7 16. e4 Nh5 17. Nd5 Qd8 18. Be3 b5 19. Bb3 Rb8 20. Rfd1 Qe8 21. Qd2 Rb7 22. Nb6 Be6 23. Bxe6 fxe6 24. Ng5 Nf4 25. Bxf4 Rxb6 26. Be3 Rb8 27. Nxe6 Rf6 28. Qd5 Nb4 29. Qb3 Qf7 30. Nxg7 Nxa2 31. Qxf7+ Kxf7 32. Rc7 Kxg7 33. Bd4 Kf7 34. Bxf6 Kxf6 35. Rc6+ 1-0

[Event "XII Cracow ICC-A 2024"]
[Site "Krakow"]
[Date "2024.06.27"]
[Round "7.20"]
[White "Nandhidhaa, P V"]
[Black "Pyrig, Roman"]
[Result "1/2-1/2"]
[ECO "B90"]
[WhiteElo "2344"]
[BlackElo "2260"]
[Annotator "RC"]
[PlyCount "160"]
[EventDate "2024.06.20"]
[EventType "swiss"]
[EventCountry "POL"]
[SourceTitle "playchess.com"]
[Source "ChessBase"]
[SourceQuality "1"]
[TimeControl "40/5400+30:1800+30"]

1. e4 c5 2. Nf3 d6 3. d4 cxd4 4. Nxd4 Nf6 5. Nc3 a6 6. Bd3 e5 7. Nde2 Be7 8. O-O b5 9. Ng3 g6 10. Bh6 Ng4 11. Bd2 Be6 12. a4 bxa4 13. Rxa4 O-O 14. Nf5 Bg5 15. Bxg5 Qxg5 16. Qxg4 Qxg4 17. Nh6+ Kg7 18. Nxg4 Bxg4 19. Rfa1 Be6 20. Bxa6 Nxa6 21. Rxa6 Rab8 22. Nd1 Rfc8 23. Rc1 d5 24. exd5 Bxd5 25. Ra5 Be4 26. c3 f6 27. f3 Bd3 28. Ra7+ Kh6 29. Rd7 Bc4 30. Rd2 f5 31. Ne3 Bg8 32. Ra1 Rb6 33. Rad1 Rcc6 34. Rd8 Be6 35. R1d2 Kg5 36. Nd5 Bxd5 37. R8xd5 Kf6 38. Kf1 Ke6 39. Rd8 Rb3 40. Re2 Rcb6 41. Rdd2 Ra6 42. Rc2 g5 43. g4 Rc6 44. Kf2 Rc4 45. gxf5+ Kxf5 46. Rcd2 Rc5 47. Ke3 h6 48. Rf2 h5 49. Rg2 Rcb5 50. Rde2 Rd5 51. Rgf2 Rd4 52. Rd2 Rdb4 53. Ke2 Rf4 54. Kd1 g4 55. fxg4+ hxg4 56. Kc2 Rb5 57. Rfe2 e4 58. Rd8 Re5 59. b4 Rf3 60. c4 Ra3 61. Kb2 Rf3 62. c5 Re6 63. Rd5+ Kf6 64. b5 e3 65. Kc3 Rf2 66. Kd3 Rf1 67. c6 Re8 68. Kd4 Rf2 69. Kd3 Rf1 70. b6 Rd1+ 71. Kc4 Re4+ 72. Kc5 Rc1+ 73. Kb5 Rb1+ 74. Ka6 Reb4 75. b7 Ke6 76. Ra5 Kd6 77. Rxe3 Kxc6 78. Re6+ Kd7 79. Rh6 Rxb7 80. Rd5+ Kc7 1/2-1/2

[Event "XII Cracow ICC-A 2024"]
[Site "Krakow"]
[Date "2024.06.27"]
[Round "7.21"]
[White "Berin, Artem"]
[Black "Suder, Jakub"]
[Result "1/2-1/2"]
[ECO "D53"]
[WhiteElo "2234"]
[BlackElo "2328"]
[Annotator "RC"]
[PlyCount "95"]
[EventDate "2024.06.20"]
[EventType "swiss"]
[EventCountry "POL"]
[SourceTitle "playchess.com"]
[Source "ChessBase"]
[SourceQuality "1"]
[TimeControl "40/5400+30:1800+30"]

1. d4 d5 2. c4 e6 3. Nc3 Nf6 4. Bg5 Be7 5. Nf3 c6 6. e3 Nbd7 7. Qc2 O-O 8. a3 Re8 9. Rd1 Qa5 10. Nd2 dxc4 11. Bxf6 Nxf6 12. Nxc4 Qc7 13. Be2 b6 14. O-O Bb7 15. b4 c5 16. dxc5 bxc5 17. b5 Red8 18. Rc1 Nd5 19. Ne4 f5 20. Ned2 Rf8 21. Bf3 g5 22. g3 f4 23. exf4 gxf4 24. Rfe1 fxg3 25. hxg3 Rf6 26. Bg2 Raf8 27. Ne4 Rg6 28. Ne3 Nxe3 29. Rxe3 Rf5 30. Qe2 h5 31. Bh3 Re5 32. Nd2 Rxe3 33. Qxe3 h4 34. Bxe6+ Kf8 35. Bf5 Rg7 36. Nf1 hxg3 37. Nxg3 c4 38. Re1 c3 39. Qh6 Bd5 40. Be6 Bxe6 41. Rxe6 Kg8 42. Rc6 Qe5 43. Rc8+ Kf7 44. Qc6 Rxg3+ 45. fxg3 Qe1+ 46. Kh2 Qe2+ 47. Kh3 Qh5+ 48. Kg2 1/2-1/2

[Event "XII Cracow ICC-A 2024"]
[Site "Krakow"]
[Date "2024.06.27"]
[Round "7.22"]
[White "Damen, Jip"]
[Black "Czernek, Tymon"]
[Result "0-1"]
[ECO "B94"]
[WhiteElo "2259"]
[BlackElo "2316"]
[Annotator "RC"]
[PlyCount "48"]
[EventDate "2024.06.20"]
[EventType "swiss"]
[EventCountry "POL"]
[SourceTitle "playchess.com"]
[Source "ChessBase"]
[SourceQuality "1"]
[TimeControl "40/5400+30:1800+30"]

1. e4 c5 2. Nf3 d6 3. d4 cxd4 4. Nxd4 Nf6 5. Nc3 a6 6. Bg5 Nbd7 7. Qe2 h6 8. Bh4 e5 9. Nf5 g6 10. Ne3 Be7 11. O-O-O O-O 12. Nc4 Qc7 13. Qd2 b5 14. Nxd6 b4 15. Ne2 Nc5 16. f3 Rd8 17. Bg3 b3 18. Kb1 Rxd6 19. Nd4 Ncxe4 20. fxe4 Rxd4 21. Bd3 Nxe4 22. Qxh6 Bg5 23. Bxe4 Rxd1+ 24. Rxd1 bxc2+ 0-1

[Event "XII Cracow ICC-A 2024"]
[Site "Krakow"]
[Date "2024.06.27"]
[Round "7.23"]
[White "Kutowski, Marcel"]
[Black "Lach, Aleksandra"]
[Result "1/2-1/2"]
[ECO "B38"]
[WhiteElo "2230"]
[BlackElo "2300"]
[Annotator "RC"]
[PlyCount "134"]
[EventDate "2024.06.20"]
[EventType "swiss"]
[EventCountry "POL"]
[SourceTitle "playchess.com"]
[Source "ChessBase"]
[SourceQuality "1"]
[TimeControl "40/5400+30:1800+30"]

1. e4 c5 2. Nf3 g6 3. d4 cxd4 4. Nxd4 Nc6 5. c4 Bg7 6. Be3 Nf6 7. Nc3 O-O 8. Be2 b6 9. O-O Bb7 10. f3 Nxd4 11. Bxd4 Qc7 12. Qd2 Nh5 13. Be3 Be5 14. f4 Bxc3 15. Qxc3 Nf6 16. e5 Ne4 17. Qd4 d6 18. Bf3 dxe5 19. Qxe5 Qxe5 20. fxe5 f5 21. exf6 exf6 22. Rad1 Rf7 23. Rd4 Nc5 24. Bxb7 Nxb7 25. Rfd1 Re7 26. Bf2 Na5 27. c5 bxc5 28. Rd8+ Rxd8 29. Rxd8+ Kf7 30. Bxc5 Re1+ 31. Kf2 Rb1 32. Rf8+ Kg7 33. Rb8 Nc6 34. Rb7+ Kg8 35. Be3 a5 36. Bd2 Nb4 37. Bc3 Nxa2 38. Bxf6 a4 39. Rg7+ Kf8 40. Rxh7 Nb4 41. Ra7 Nd3+ 42. Kg3 Rf1 43. Bg7+ Kg8 44. Bd4 Nf4 45. Rxa4 Ne2+ 46. Kh3 Rf4 47. Ra8+ Kf7 48. Bc5 Rc4 49. b4 Nf4+ 50. Kg3 Nd3 51. Rf8+ Ke6 52. Re8+ Kf7 53. Re7+ Kg8 54. Re8+ Kf7 55. Rf8+ Ke6 56. Rf3 Nxb4 57. Bxb4 Rxb4 58. Kh3 Rb2 59. g4 g5 60. Kg3 Rb1 61. Rf5 Rb3+ 62. Rf3 Rb1 63. Kg2 Rb4 64. h3 Rb2+ 65. Kg3 Rb1 66. Rf2 Rb3+ 67. Rf3 Ke5 1/2-1/2

[Event "XII Cracow ICC-A 2024"]
[Site "Krakow"]
[Date "2024.06.27"]
[Round "7.24"]
[White "Backiel, Hubert"]
[Black "Eliseev, Sergey"]
[Result "1-0"]
[ECO "B90"]
[WhiteElo "2200"]
[BlackElo "2296"]
[Annotator "RC"]
[PlyCount "63"]
[EventDate "2024.06.20"]
[EventType "swiss"]
[EventCountry "POL"]
[SourceTitle "playchess.com"]
[Source "ChessBase"]
[SourceQuality "1"]
[TimeControl "40/5400+30:1800+30"]

1. e4 c5 2. Nf3 d6 3. d4 cxd4 4. Nxd4 Nf6 5. Nc3 a6 6. Bc4 e6 7. Be3 b5 8. Bb3 Bd7 9. a3 Be7 10. g4 Qa5 11. f3 h6 12. h4 Nc6 13. Qd2 b4 14. Nxc6 Bxc6 15. Na2 d5 16. e5 d4 17. Bxd4 Nxg4 18. axb4 Qb5 19. Qf4 h5 20. O-O-O Nh6 21. Bc5 Bxc5 22. bxc5 Qxc5 23. Nb4 Bb5 24. Nd3 Qe7 25. Nf2 Nf5 26. Ne4 O-O 27. Rdg1 Kh8 28. Rg5 Qa7 29. Rxh5+ Kg8 30. Nf6+ gxf6 31. Qg4+ Ng7 32. exf6 1-0